 Dungeon Crawl Stone Soup version 0.25-a0-464-g3004169c2b (webtiles) character file.

Game seed: 10564121874903021878, levelgen mode: deterministic

651 Error4North the Chopper (level 7, 0/60 HPs)
             Began as a Hill Orc Fighter on Feb 3, 2020.
             Slain by Pikel
             ... wielding a +1 whip of freezing
              (3 damage)
             ... on level 4 of the Dungeon on Feb 5, 2020.
             The game lasted 00:10:27 (3229 turns).

Error4North the Chopper (Hill Orc Fighter)          Turns: 3229, Time: 00:10:28

Health: 0/60       AC:  9    Str: 26    XL:     7   Next: 53%
Magic:  7/7        EV:  6    Int:  8    God:
Gold:   148        SH: 10    Dex: 10    Spells: 6/6 levels left

rFire    . . .     SeeInvis .   a - +0 war axe
rCold    . . .     Gourm    .   c - +0 shield
rNeg     . . .     Faith    .   n - +0 chain mail
rPois    .         Spirit   .   (no helmet)
rElec    .         Reflect  .   (no cloak)
rCorr    .         Harm     .   (no gloves)
MR       .....                  (no boots)
Stlth    ..........             (no amulet)
HPRegen  0.20/turn              (no ring)
MPRegen  0.10/turn              (no ring)

@: mighty
A: no striking features
a: no special abilities


You were on level 4 of the Dungeon.
You were not hungry.

You visited 1 branch of the dungeon, and saw 4 of its levels.

You collected 148 gold pieces.

Inventory:

Hand Weapons
 a - a +0 war axe (weapon)
Armour
 c - a +0 shield (worn)
 n - a +0 chain mail (worn)
 q - a cursed +0 plate armour
Jewellery
 m - a cursed -3 ring of evasion {unknown}
 p - a +3 ring of dexterity {unknown}
 r - a +1 ring of evasion {unknown}
Wands
 l - a wand of polymorph (1)
Scrolls
 b - a scroll of magic mapping {unknown}
 g - 3 scrolls of identify {unknown}
 h - 2 scrolls of teleportation {unknown}
 j - a scroll of blinking {unknown}
 k - 3 scrolls of remove curse {unknown}
Potions
 e - a potion of haste {unknown}
 i - 2 potions of curing
 o - a potion of mutation {unknown}
Comestibles
 f - a ration


   Skills:
 + Level 4.7 Fighting
 + Level 6.7 Axes
 * Level 5.3 Armour
 + Level 0.9 Dodging
 + Level 0.2 Stealth
 * Level 5.4 Shields
 + Level 0.3 Unarmed Combat


You had 6 spell levels left.
You didn't know any spells.
Your spell library was empty.

Dungeon Overview and Level Annotations

Branches:
Dungeon (4/15)
 Temple: D:4-7

Altars:
Fedhas

Annotations:
D:4 Pikel


Message History

You completely miss Pikel.
Pikel is moderately wounded.
You slash the slave! You closely miss the slave. You hit the slave.
The slave hits you.
* * * LOW HITPOINT WARNING * * *
The slave hits you.
* * * LOW HITPOINT WARNING * * *
The slave hits you but does no damage. You block Pikel's attack.
The slave hits you but does no damage. x2
You closely miss Pikel.
Pikel is moderately wounded.
You slash the slave! You closely miss the slave. You hit the slave.
The slave hits you but does no damage. Pikel barely misses you.
The slave hits you but does no damage. The slave hits you.
* * * LOW HITPOINT WARNING * * *
The slave barely misses you.
Pikel hits you with a +1 whip of freezing.
* * * LOW HITPOINT WARNING * * *
Pikel freezes you.
You die...

....................#.#..........
'####............#..............
...#.####...)........ ..
................. #.
###.............
.#####.####..............
...?.#..........###......
......pKp.......# #######
...#p.@.......## . #...........#
#...........# #####.###...# #.#
#...# #.# ##### #.# ###


You could see Pikel and 3 slaves.

Vanquished Creatures
  Eustachio (D:4)
  A slave (D:3)
  2 ogres (D:4)
  A scorpion (D:2)
  A hound (D:3)
  Natasha (thrice) (D:2)
  An iguana (D:4)
  A worker ant (D:4)
  A hound zombie (D:4)
  3 gnolls (D:3)
  3 adders
  2 worms
  3 dart slugs
  2 leopard geckos (D:1)
  3 orcs
  3 ball pythons
  2 giant cockroaches
  8 goblins
  5 hobgoblins
  4 jackals (D:1)
  2 quokkas
  2 bats
  5 frilled lizards
  5 kobolds
  7 rats
71 creatures vanquished.

Notes
Turn   | Place    | Note
-------+----------+-------------------------------------------
     0 | D:1      | Error4North the Hill Orc Fighter began the quest for the
                  | Orb.
     0 | D:1      | Reached XP level 1. HP: 19/19 MP: 1/1
    96 | D:1      | Reached XP level 2. HP: 15/27 MP: 2/2
   395 | D:1      | Reached skill level 3 in Axes
   630 | D:1      | Reached XP level 3. HP: 33/33 MP: 3/3
   838 | D:2      | Noticed a scorpion
   844 | D:2      | Killed a scorpion
   844 | D:2      | Reached XP level 4. HP: 28/40 MP: 4/4
  1024 | D:2      | Found a blossoming altar of Fedhas.
  1047 | D:2      | Noticed Natasha
  1055 | D:2      | Killed Natasha
  1080 | D:2      | Reached skill level 4 in Axes
  1080 | D:2      | Reached XP level 5. HP: 37/46 MP: 5/5
  1185 | D:2      | Upgraded the game from 0.25-a0-458-g6fc7858b95 to
                  | 0.25-a0-464-g3004169c2b
  1428 | D:2      | Noticed Natasha
  1447 | D:2      | Killed Natasha
  1586 | D:2      | Noticed Natasha
  1598 | D:2      | Killed Natasha
  1801 | D:3      | Reached XP level 6. HP: 37/52 MP: 6/6
  2234 | D:3      | Reached skill level 5 in Axes
  2758 | D:4      | Reached skill level 6 in Axes
  2758 | D:4      | Reached skill level 5 in Armour
  2758 | D:4      | Reached skill level 5 in Shields
  2758 | D:4      | Reached XP level 7. HP: 39/60 MP: 7/7
  2940 | D:4      | Noticed Eustachio
  3020 | D:4      | Noticed Pikel
  3181 | D:4      | Killed Eustachio
  3229 | D:4      | HP: 3/60 [Pikel/+1 whip of freezing (5)]
  3229 | D:4      | Slain by Pikel

Levels and vault maps discovered:
D:1:      tarquinn_simple_flora_water_c, layout_loops_ring, chequers_mini_garden
D:2:      layout_loops_ring, fedhas_ov_isle_minmay, uniq_natasha
D:3:      layout_basic, first_ration
D:4:      layout_rooms, temple_green, kennysheep_flooded_box, uniq_pikel,
          uniq_eustachio

Skill      XL: |  1  2  3  4  5  6 |
---------------+-------------------+-----
Axes           | 3 4 6 |  6.7
Armour         | 4 5 |  5.3
Shields        | 4 5 |  5.4
Fighting       | 4 |  4.7
Dodging        | |  0.9
Stealth        | |  0.2
Unarmed Combat | |  0.3

Action                   |  1- 3 |  4- 6 |  7- 9 || total
-------------------------+-------+-------+-------++-------
Melee: War axe           |    89 |   133 |    64 ||   286
       Unarmed           |       |    14 |       ||    14
  Use: Potion            |       |       |     1 ||     1
  Eat: Chunk             |       |     6 |       ||     6
       Ration            |       |       |     1 ||     1
Armor: Scale mail        |    34 |    63 |       ||    97
       Skin              |       |     1 |       ||     1
       Chain mail        |       |       |    41 ||    41
Dodge: Dodged            |    28 |    68 |    20 ||   116
Block: Shield            |    52 |    86 |    50 ||   188

Table legend:
 A = Non-vault XP
 B = Vault XP
 C = Vault XP percentage of total XP
 D = Non-vault monster count
 E = Vault monster count
 F = Vault count percentage of total count
                 A         B        C        D         E       F
            +---------+---------+-------+---------+---------+-------
      Total |     697 |     234 |  25.1 |      68 |       2 |   2.9
            +---------+---------+-------+---------+---------+-------
        D:1 |      40 |       0 |   0.0 |      21 |       0 |   0.0
        D:2 |     198 |      37 |  15.7 |      22 |       1 |   4.3
        D:3 |     122 |       0 |   0.0 |      19 |       0 |   0.0
        D:4 |     337 |     197 |  36.9 |       6 |       1 |  14.3
            +---------+---------+-------+---------+---------+-------
